 Dungeon Crawl Stone Soup version 0.28-a0-1638-g9123634e07 (webtiles) character file.

Game seed: 11659148537834818215

3406 fragbeetle the Cleaver (level 10, 0/84 HPs)
             Began as a Hill Orc Cinder Acolyte on Jan 26, 2022.
             Was an Elder of Ignis.
             Slain by a yak (3 damage)
             ... on level 8 of the Dungeon.
             The game lasted 00:14:25 (9075 turns).

fragbeetle the Cleaver (Hill Orc Cinder Acolyte)    Turns: 9075, Time: 00:14:26

Health: 0/84       AC: 16    Str: 20    XL:     10   Next: 4%
Magic:  14/14      EV: 11    Int: 16    God:    Ignis [****..]
Gold:   282        SH:  0    Dex:  6    Spells: 10/15 levels left

rFire   + . .      SeeInvis .   E - +1 war axe (vamp)
rCold   + . .      Faith    .   (no shield)
rNeg    . . .      Spirit   .   Q - +2 robe {Archmagi}
rPois   +          Reflect  .   e - +0 helmet
rElec   .          Harm     .   (no cloak)
rCorr   .          Rampage  .   B - +1 pair of gloves {Stlth+}
Will    .....      Archmagi +   A - +0 pair of boots
Stlth   ++........              (no amulet)
HPRegen 0.24/turn               g - ring of protection from cold
MPRegen 0.14/turn               K - ring of poison resistance

@: fiery-armoured, flying
A: no striking features
a: Renounce Religion, Fiery Armour, Foxfire Swarm, Rising Flame


You were on level 8 of the Dungeon.
You worshipped Ignis.
Ignis was greatly pleased with you.
You visited 2 branches of the dungeon, and saw 9 of its levels.
You also visited: Sewer.

You collected 282 gold pieces.

Inventory:

Hand Weapons
 a - a -1 hand axe of flaming
 E - a +1 vampiric war axe (weapon)
 P - a +2 whip of flaming
Missiles
 b - 3 silver boomerangs
 s - 7 boomerangs
 x - 2 poisoned darts
Armour
 e - a +0 helmet (worn)
 t - a +0 ring mail
 v - the +0 leather armour of the Slorg {rF+ rN+ Str-2}
   (You found it on level 4 of the Dungeon)

   Str:       It affects your strength (-2).
   rF:        It protects you from fire.
   rN:        It protects you from negative energy.
 A - a +0 pair of boots (worn)
 B - a +1 pair of gloves of stealth (worn)
 H - an orb of mayhem
 Q - a +2 robe of the Archmagi (worn)
Magical Staves
 F - a staff of cold
Jewellery
 g - a ring of protection from cold (left hand)
 K - a ring of poison resistance (right hand)
 N - an amulet of magic regeneration
 O - an amulet of guardian spirit
Wands
 y - a wand of mindburst (4)
 I - a wand of iceblast (3)
Scrolls
 c - 4 scrolls of enchant weapon {unknown}
 f - 2 scrolls of fear {unknown}
 i - 2 scrolls of enchant armour {unknown}
 l - 2 scrolls of immolation {unknown}
 n - 4 scrolls of identify {unknown}
 o - 2 scrolls of noise {unknown}
 p - 2 scrolls of amnesia {unknown}
 q - 3 scrolls of teleportation {unknown}
 r - 2 scrolls of vulnerability {unknown}
 w - a scroll of brand weapon {unknown}
 D - a scroll of fog {unknown}
 L - a scroll of acquirement {unknown}
 M - a scroll of summoning {unknown}
Potions
 d - 5 potions of cancellation
 h - a potion of berserk rage {unknown}
 j - 2 potions of curing
 k - 3 potions of flight
 m - 2 potions of degeneration {unknown}
 u - a potion of lignification {unknown}
 z - 2 potions of magic
 C - 3 potions of ambrosia {unknown}
 G - 2 potions of mutation {unknown}
 J - a potion of attraction {unknown}


   Skills:
 + Level 6.9 Fighting
 * Level 9.8 Axes
 * Level 5.6 Armour
 - Level 3.0 Spellcasting
 * Level 3.8 Conjurations
 * Level 8.1 Fire Magic
 * Level 3.4 Poison Magic


You had 10 spell levels left.
You knew the following spells:

 Your Spells              Type           Power      Damage    Failure   Level
a - Scorch                Fire           84%        2d9       1%          2
b - Mephitic Cloud        Conj/Pois/Air  15%        N/A       21%         3

Your spell library contained the following spells:

 Spells                   Type           Power      Damage    Failure   Level
 Shock                    Conj/Air       48%        1d6       9%          1
 Ignite Poison            Fire/Tmut/Pois 22%        N/A       12%         3
 Swiftness                Air            3%         N/A       50%         3
 Airstrike                Air            1%         N/A       88%         4
 Passage of Golubria      Tloc           3%         N/A       88%         4
 Freezing Cloud           Conj/Ice/Air   4%         6-21      97%         5
 Silence                  Hex/Air        1%         N/A       99%         5
 Lehudib's Crystal Spear  Conj/Erth      6%         10d3      100%        8


Dungeon Overview and Level Annotations

Branches:
Dungeon (8/15)             Temple (1/1) D:7           Sewer (visited)
   Lair: D:8-11

Altars:
Ashenzari
Cheibriados
Dithmenos
Elyvilon
Fedhas
Hepliaklqana
Kikubaaqudgha
Makhleb
Nemelex Xobeh
Okawaru
Qazlal
Sif Muna
Trog
Vehumet
Xom
Yredelemnul
The Shining One
Lugonu

Shops:
D:4 (

Annotations:
D:4 2 runed translucent doors, croobank's ghost, amateur DrFE
D:6 dig4spellz
D:7 2 transporters


Message History

Flames leap up around you! The yak barely misses you.
The foxfire hits the yak.
The yak is moderately wounded.
Your foxfire dissipates!
The foxfire hits the yak.
The yak is lightly wounded.
The foxfire hits the yak.
The yak is moderately wounded.
The foxfire hits the yak.
The yak is lightly wounded.
The foxfire hits the yak.
The yak is moderately wounded.
The foxfire hits the yak.
The yak is heavily wounded.
The foxfire hits the yak but does no damage.
The yak is lightly wounded.
The foxfire hits the yak but does no damage.
The yak is lightly wounded.
The foxfire hits the yak but does no damage.
The yak is heavily wounded.
It was a potion of cancellation.
You feel magically purged. The yak barely misses you.
It was a potion of flight.
You feel very buoyant.
You fly up into the air.
The yak gores you.
* * * LOW HITPOINT WARNING * * *
The yak is burned by your cloak of flames.
The yak is moderately wounded.
The yak gores you but does no damage.
The yak is burned by your cloak of flames.
The yak is heavily wounded.
It was a potion of curing.
You feel better. The yak gores you!
* * * LOW HITPOINT WARNING * * *
The yak gores you!
* * * LOW HITPOINT WARNING * * *
The yak is burned by your cloak of flames.
The yak is severely wounded.
Okay, then.
It was a potion of magic.
Magic courses through your body. The yak closely misses you. The yak gores you.
You die...

#..#....##..
#..##....#.#
...........##
......#.....####
......##.....#.###
###.............#
#...Y..........v#
......YY.##....Y##
.....Y#...###.YY@#
.....###...#..<###
#.)Y. #...#..v#
#... ######..# ###
####


You could see 3 yaks.

Vanquished Creatures
  Pikel (D:7)
  Eustachio (D:6)
  2 yaks (D:7)
  4 water moccasins
  3 black bears
  2 sky beasts (D:7)
  6 ogres
  A phantom (D:5)
  A bullfrog (D:7)
  3 scorpions (D:5)
  A howler monkey (D:5)
  2 bullfrog zombies (D:6)
  A bullfrog skeleton (D:3)
  5 hounds
  A centaur skeleton (D:7)
  An orc priest (D:7)
  2 gnoll shamans (D:6)
  Jessica (D:2)
  An iguana (D:5)
  Ijyb (D:5)
  2 orc wizards
  A killer bee zombie (D:7)
  7 adders
  6 gnolls (D:6)
  6 river rats (Sewer)
  3 adder skeletons (D:4)
  A worm (D:2)
  4 dart slugs
  10 orcs
  A bat (D:3)
  2 endoplasms
  4 giant cockroaches (D:4)
  8 goblins
  6 hobgoblins
  10 jackals
  5 kobolds
  8 quokkas
  12 ball pythons
  7 frilled lizards
  13 rats
  A spectral hobgoblin (D:4)
157 creatures vanquished.

Vanquished Creatures (others)
  8 foxfires (D:8)
  4 plants (D:6)
12 creatures vanquished.

Grand Total: 169 creatures vanquished

Notes
Turn   | Place    | Note
-------+----------+-------------------------------------------
     0 | D:1      | fragbeetle the Hill Orc Cinder Acolyte began the quest for
                  | the Orb.
     0 | D:1      | Reached XP level 1. HP: 19/19 MP: 2/2
   692 | D:1      | Reached XP level 2. HP: 27/27 MP: 3/3
   695 | D:1      | Learned a level 2 spell: Scorch
  1297 | D:2      | Reached XP level 3. HP: 4/33 MP: 2/4
  1560 | D:2      | Found a faded altar of an unknown god.
  1825 | D:2      | Noticed Jessica
  1827 | D:2      | Killed Jessica
  1828 | D:2      | Reached XP level 4. HP: 40/40 MP: 2/6
  2375 | D:3      | Reached skill level 5 in Axes
  2713 | D:3      | Reached XP level 5. HP: 45/46 MP: 7/7
  3101 | D:4      | Found Uphecs's Weapon Boutique.
  3184 | D:4      | Found a glowing drain.
  3219 | Sewer    | Entered a sewer
  3555 | Sewer    | Reached XP level 6. HP: 53/53 MP: 3/8
  3960 | D:4      | Reached skill level 6 in Axes
  4037 | D:4      | Reached skill level 5 in Fire Magic
  4053 | D:4      | Found a burning altar of Makhleb.
  4265 | D:4      | Found a large runed translucent door.
  4265 | D:4      | Found a large runed translucent door.
  4308 | D:4      | Reached skill level 5 in Fighting
  4506 | D:4      | Noticed a black bear
  4506 | D:4      | Noticed a water moccasin
  4520 | D:4      | Killed a black bear
  4521 | D:4      | Reached XP level 7. HP: 61/61 MP: 3/10
  4618 | D:4      | Reached skill level 7 in Axes
  4769 | D:4      | Identified the +0 leather armour of the Slorg {rF+ rN+
                  | Str-2}
  4875 | D:4      | Found a hazy altar of Hepliaklqana.
  4892 | D:4      | Noticed croobank's ghost (amateur DrFE)
  4987 | D:4      | Reached skill level 1 in Armour
  5110 | D:5      | Entered Level 5 of the Dungeon
  5155 | D:5      | Noticed Ijyb
  5164 | D:5      | Killed Ijyb
  5193 | D:5      | Reached XP level 8. HP: 65/69 MP: 2/12
  5945 | D:5      | Reached skill level 8 in Axes
  6565 | D:6      | Learned a level 3 spell: Mephitic Cloud
  6576 | D:6      | Noticed Eustachio
  6581 | D:6      | Killed Eustachio
  6699 | D:6      | Reached skill level 1 in Conjurations
  6699 | D:6      | Reached skill level 1 in Poison Magic
  6795 | D:6      | Reached XP level 9. HP: 58/75 MP: 13/13
  6965 | D:6      | Found a glowing golden altar of the Shining One.
  7275 | D:6      | Reached skill level 9 in Axes
  7381 | D:6      | Found a shimmering blue altar of Sif Muna.
  7497 | D:7      | Found a bloodstained altar of Trog.
  7820 | D:7      | Found a transporter.
  7820 | D:7      | Found a transporter.
  7825 | D:7      | Found a corrupted altar of Lugonu.
  7826 | D:7      | Noticed a brown ugly thing
  7826 | D:7      | Noticed a brown ugly thing
  7827 | D:7      | Noticed a red ugly thing
  7837 | D:7      | Found a broken altar of Ashenzari.
  7862 | D:7      | Found a staircase to the Ecumenical Temple.
  8005 | Temple   | Entered the Ecumenical Temple
  8218 | D:7      | Found a sparkling altar of Nemelex Xobeh.
  8264 | D:7      | Reached skill level 5 in Armour
  8416 | D:7      | Found a blossoming altar of Fedhas.
  8624 | D:7      | Noticed Pikel
  8634 | D:7      | Killed Pikel
  8837 | D:7      | Reached XP level 10. HP: 34/84 MP: 8/14
  9074 | D:8      | HP: 2/84 [yak (12)]
  9075 | D:8      | Slain by a yak

Illustrated notes

Levels and vault maps discovered:
D:1:      ncdulo_wetmaze, layout_basic
D:2:      layout_loops_ring, hellmonk_ecumenical_altar_inner_sanctum,
          minivault_11, uniq_jessica
D:3:      layout_loops_ring
D:4:      nicolae_cairo_tiling_large, layout_rooms,
          nicolae_hepliaklqana_monster_ancestors, mainiacjoe_overflow_paths,
          ebering_ghost_disaster_area, gup_sewer_entry_pipe,
          nicolae_stop_n_shop_1, minmay_hedge_maze
D:5:      layout_loops_ring, uniq_ijyb
D:6:      layout_gridville, nicolae_sif_muna_little_library,
          mainiacjoe_overflow_24_doors, st_stairs_11, nicolae_grassy_gnolls,
          uniq_eustachio
D:7:      gammafunk_corrupted_shrine, layout_loops_ring,
          nemelex_spade_bored_becter, ashenzari_altar_1, lemuel_crystal_altar,
          mainiacjoe_overflow_six_doors_small, minmay_temple_entry_glass,
          uniq_pikel
D:8:      layout_cave_pools
Temple:   nicolae_temple_figure_zero

Skill      XL: |  1  2  3  4  5  6  7  8  9 |
---------------+----------------------------+-----
Fighting       | 4 5 6 |  6.9
Fire Magic     | 4 5 6 7 8 |  8.1
Axes           | 5 6 7 8 9 |  9.8
Spellcasting   | 2 3 |  3.0
Armour         | 2 4 5 |  5.6
Conjurations   | 1 3 |  3.8
Poison Magic   | 1 3 |  3.4

Action                   |  1- 3 |  4- 6 |  7- 9 | 10-12 || total
-------------------------+-------+-------+-------+-------++-------
Melee: Hand axe          |    73 |   209 |    57 |       ||   339
       Punch             |     2 |     4 |     2 |       ||     8
       War axe           |       |       |    57 |     7 ||    64
Throw: Boomerang         |       |     1 |       |       ||     1
 Cast: Scorch            |     2 |    31 |    99 |     3 ||   135
Invok: Fiery Armour      |       |       |     1 |     1 ||     2
       Foxfire Swarm     |       |       |       |     1 ||     1
  Use: Potion            |       |       |       |     4 ||     4
Armor: Robe              |    10 |    44 |     3 |     5 ||    62
       Leather armour    |       |       |    48 |       ||    48
       Ring mail         |       |       |     4 |       ||     4
Dodge: Dodged            |    48 |   115 |    86 |     7 ||   256

Table legend: (Time is in decaauts)
 A = Elapsed time spent in this place.
 B = Non-inter-level travel time spent in this place.
 C = Inter-level travel time spent in this place.
 D = Time resting spent in this place.
 E = Time spent auto-exploring this place.
 F = Levels seen in this place.
 G = Mean time per level.
                   A        B        C        D        E       F      G
               +--------+--------+--------+--------+--------+-----+--------+
         Total |   9143 |   8982 |    161 |    371 |   7236 |  10 |  914.3 |
       Dungeon |   8275 |   8114 |    161 |    371 |   6607 |   8 | 1034.4 |
        Temple |    123 |    123 |      0 |      0 |    111 |   1 |  123.0 |
         Sewer |    745 |    745 |      0 |      0 |    517 |   1 |  745.0 |
               +--------+--------+--------+--------+--------+-----+--------+

Top non-repeatable levels by time:
     D:7: 1414 daAuts
     D:4: 1314 daAuts
     D:6: 1267 daAuts
     D:1: 1163 daAuts
     D:5: 1118 daAuts
     D:2: 1107 daAuts
     D:3: 848 daAuts
   Sewer: 745 daAuts
  Temple: 123 daAuts
     D:8: 41 daAuts
